 Dungeon Crawl Stone Soup version 0.16.1 (webtiles) character file.

100 TheWizardOfAus the Skirmisher (level 4, 0/37 HPs)
             Began as a Demonspawn Abyssal Knight on June 17, 2015.
             Was a Believer of Lugonu.
             Succumbed to a worker ant's poison
             ... on level 4 of the Dungeon.
             The game lasted 00:34:08 (4043 turns).

TheWizardOfAus the Skirmisher (DsAK)                Turns: 4043, Time: 00:34:08

Health: 0/37       AC:  9    Str: 13    XL:     4   Next: 47%
Magic:  5/6        EV:  6    Int: 13    God:    Lugonu [**....]
Gold:   136        SH:  0    Dex: 13    Spells: 0 memorised, 3 levels left

rFire  x . .     SeeInvis .     a - +1 hand axe
rCold  + . .     Clarity  .     x - +0 chain mail
rNeg   . . .     SustAb   .     (no shield)
rPois  .         Gourm    .     (helmet restricted)
rElec  .         Spirit   .     (no cloak)
rCorr  .         Warding  .     G - +0 pair of gloves
rMut   .         Stasis   .     (no boots)
MR     .....                    (no amulet)
Stlth  ..........               (no ring)
                                m - ring of ice

@: lethally poisoned (0 -> -5), not resistant to hostile enchantments, extremely
unstealthy
A: antennae 1, powered by pain 1
a: Depart the Abyss, Bend Space, Renounce Religion


You were on level 4 of the Dungeon.
You worshipped Lugonu.
Lugonu was pleased with you.
You were very hungry.

You visited 1 branch of the dungeon, and saw 4 of its levels.
You visited the Abyss 1 time.

You collected 136 gold pieces.

Inventory:

Hand weapons
 a - a +1 hand axe (weapon)
 h - a +0 whip
 l - a +0 dagger
 t - a +0 hunting sling
Missiles
 c - a throwing net
 j - 52 arrows
 k - 21 stones (quivered)
 n - 20 poisoned needles
 u - 20 bolts
 E - 13 silver bolts
Armour
 b - a +0 leather armour
 d - a +0 robe
 v - a +0 ring mail
 x - a +0 chain mail (worn)
 y - a +0 scale mail
 G - a +0 pair of gloves (worn)
Jewellery
 m - a ring of ice (left hand)
Scrolls
 f - 2 scrolls of identify
 g - 3 scrolls of teleportation
 i - 2 scrolls of fog {unknown}
 w - a scroll of enchant weapon {unknown}
 B - 2 scrolls of remove curse
 C - a scroll of blinking
 D - a scroll of enchant armour {unknown}
Potions
 q - a potion of cure mutation {unknown}
 r - a potion of invisibility {unknown}
 s - 2 potions of brilliance {unknown}
 z - 2 potions of poison {unknown}
Books
 e - a book of Alchemy

   Spells                             Type                      Level
   a - Sublimation of Blood           Necromancy                   2
   b - Alistair's Intoxication        Transmutation/Poison         4
   c - Condensation Shield            Ice                          4
   d - Petrify                        Transmutation/Earth          4
   e - Ignite Poison                  Fire/Transmutation           5
   f - Irradiate                      Conjuration/Transmutation    5
 A - a book of the Tempests

   Spells                             Type                      Level
   a - Static Discharge               Conjuration/Air              3
   b - Lightning Bolt                 Conjuration/Air              5
   c - Fireball                       Conjuration/Fire             5
   d - Tornado                        Air                          9
   e - Shatter                        Earth                        9
Comestibles
 o - 2 beef jerkies
 p - 3 bread rations
 F - a meat ration


   Skills:
 * Level 3.9 Fighting
 + Level 2.1 Axes
 + Level 2.3 Armour
 + Level 2.1 Dodging
 + Level 3.0 Invocations


You had 3 spell levels left.
You didn't know any spells.

Dungeon Overview and Level Annotations

Branches:
Dungeon (4/15)
 Temple: D:4-7

Altars:
Nemelex Xobeh
Okawaru
Xom

Shops:
D:4 %

Annotations:
D:3 Guenter's ghost, average OgHu


Innate Abilities, Weirdness & Mutations

You have a pair of small antennae on your head.
You sometimes gain a little power by taking damage.


Message History

You see here 16 gold pieces.
* * * LOW HITPOINT WARNING * * *
You feel sick.
* * * LOW HITPOINT WARNING * * *
You feel sick.
* * * LOW HITPOINT WARNING * * *
You feel sick.
* * * LOW HITPOINT WARNING * * *
You feel sick.
* * * LOW HITPOINT WARNING * * *
You feel sick.
Found a tourmaline ring.
* * * LOW HITPOINT WARNING * * *
You feel sick.
The worker ant bites you but does no damage.
Use which ability? (? or * to list) Space bends around you!
You blink.
* * * LOW HITPOINT WARNING * * *
You feel slightly more hungry.
You die...

..................
.....................
......................
.......................
..........$...........
.....................
...!..∩..........#
................#
..............@##
...............#
...........$..##
..............##
........a......#
........§......#
...........#...#
.............=.
...............


You could see a worker ant.

Vanquished Creatures
  4 adders
  A worm (D:2)
  2 giant geckos
  An orc (D:3)
  7 bats
  5 giant cockroaches
  A hobgoblin (D:3)
  3 jackals (D:2)
  11 kobolds
  A quokka (D:2)
  A ball python (D:2)
  3 giant newts
  8 goblins
  12 rats
60 creatures vanquished.

Notes
Turn   | Place    | Note
--------------------------------------------------------------
     0 | Abyss:1  | TheWizardOfAus, the Demonspawn Abyssal Knight, began the quest for the Orb.
     0 | Abyss:1  | Reached XP level 1. HP: 18/18 MP: 1/1
    20 | D:1      | Escaped the Abyss
   371 | D:1      | Gained mutation: You have a pair of small antennae on your head. [demonic ancestry]
   371 | D:1      | Reached XP level 2. HP: 24/24 MP: 2/2
   394 | D:2      | Found a shimmering altar of Xom.
   686 | D:1      | Reached skill level 1 in Dodging
  1199 | D:2      | Acquired Lugonu's second power
  1344 | D:2      | Reached XP level 3. HP: 27/29 MP: 4/4
  2887 | D:2      | Found a sparkling altar of Nemelex Xobeh.
  3122 | D:3      | Gained mutation: You sometimes gain a little power by taking damage. [demonic ancestry]
  3122 | D:3      | Reached XP level 4. HP: 34/37 MP: 6/6
  3718 | D:3      | Noticed Guenter's ghost (average OgHu)
  3929 | D:4      | Found an iron altar of Okawaru.
  4022 | D:4      | Found Ytojiar's Food Shoppe.
  4043 | D:4      | HP: 1/37 [spatial distortion (3)]
  4043 | D:4      | Succumbed to a worker ant's poison

Action                   |  1- 3 |  4- 6 || total
-------------------------+-------+-------++-------
Melee: Hand axe          |   159 |    40 ||   199
Throw: Stone             |     2 |     4 ||     6
Invok: Bend Space        |     2 |     2 ||     4
  Use: Scroll            |     6 |       ||     6
  Eat: Bread ration      |     2 |       ||     2
